 Dungeon Crawl Stone Soup version 0.14-a0-1974-gdb6e453 (webtiles) character file.

7438 ReteAZ the Bludgeoner (level 11, -4/110 HPs)
             Began as an Ogre Hunter on Jan 17, 2014.
             Was a Believer of Dithmengos.
             Slain by a troll (11 damage)
             ... on Level 10 of the Dungeon.
             The game lasted 00:44:39 (8556 turns).

ReteAZ the Bludgeoner (Ogre Hunter)                 Turns: 8556, Time: 00:44:39

HP  -4/110       AC  8     Str 21      XL: 11   Next:  8%
MP  11/11        EV 13     Int 10      God: Dithmengos [**....]
Gold 455         SH  0     Dex 11      Spells:  0 memorised, 10 levels left

rFire  . . .     SeeInvis .     P - +0 giant spiked club
rCold  . . .     Clarity  +     d - +0 animal skin
rNeg   + . .     Conserve .     (shield restricted)
rPois  +         rCorr    .     l - +2 hat
rElec  .         rRot     .     b - +2 cloak of the Lonely Nights {+Inv rN+}
SustAb . .       Spirit   .     (gloves unavailable)
rMut   .         Warding  .     (boots unavailable)
Saprov + . .     Stasis   .     (no amulet)
MR     +....                    m - ring of poison resistance
                                o - +0,+7 ring of slaying

@: wreathed by umbra, somewhat resistant to hostile enchantments, fairly
stealthy
A: unfitting armour, clarity, fast metabolism 1, saprovore 1, tough skin 1
a: Shadow Step, Renounce Religion, Evoke Invisibility


You were on level 10 of the Dungeon.
You worshipped Dithmengos.
Dithmengos was pleased with you.
You were not hungry.

You visited 2 branches of the dungeon, and saw 11 of its levels.
You also visited: Ossuary and Bailey.

You collected 455 gold pieces.

Inventory:

Hand weapons
 r - a +0,+1 flail of holy wrath
 P - a +0,+0 giant spiked club (weapon)
Missiles
 e - 7 steel tomahawks (quivered)
Armour
 b - the +2 cloak of the Lonely Nights (worn) {+Inv rN+}
   (You found it on level 6 of the Dungeon)

   It protects you from negative energy.
   It lets you turn invisible.
 d - a +0 animal skin (worn)
 l - a +2 hat (worn)
Magical devices
 h - a wand of polymorph (9)
 t - a wand of lightning (5)
 u - a wand of frost (13)
 y - a wand of lightning (7)
 C - a wand of confusion (10)
 V - a wand of digging (8)
Comestibles
 f - 3 meat rations
 n - 5 bread rations
 p - a rambutan
 s - a rotting chunk of deep dwarf flesh
 B - an apple
 E - a royal jelly
 F - an apricot
 H - a choko
Scrolls
 g - 10 scrolls of remove curse
 k - a scroll of teleportation
 x - 2 scrolls of fog
 D - a scroll of amnesia
 G - a scroll of enchant weapon III {unknown}
 L - a scroll of blinking {unknown}
Jewellery
 m - a ring of poison resistance (right hand)
 o - a +0,+7 ring of slaying (left hand)
 q - an uncursed amulet of stasis
 J - an uncursed ring of flight {unknown}
Potions
 a - a potion of might {unknown}
 i - 3 potions of resistance {unknown}
 v - a potion of brilliance
 z - 4 potions of curing
 A - 3 potions of agility
 I - 2 potions of heal wounds
 K - a potion of magic
Books
 j - a Grand Grimoire {highlevel}

   This book is beyond your current level of understanding.

   Spells                             Type                      Level
   Demonic Horde                      Summoning                    6
   Mass Abjuration                    Summoning                    6
   Haunt                              Necromancy/Summoning         7
   Summon Greater Demon               Summoning                    7
   Malign Gateway                     Summoning/Translocation      7
   Summon Horrible Things             Summoning                    8
 w - a book of Callings

   Spells                             Type                      Level
   Summon Small Mammal                Summoning                    1
   Call Imp                           Summoning                    2
   Call Canine Familiar               Summoning                    3
   Summon Scorpions                   Summoning/Poison             4
   Summon Ice Beast                   Ice/Summoning                4


   Skills:
 + Level 7.7 Fighting
 - Level 16.2 Maces & Flails
 - Level 4.3 Throwing
 + Level 7.9 Dodging
 - Level 0.7 Stealth


You had 10 spell levels left.
You didn't know any spells.

Dungeon Overview and Level Annotations

Branches:
Dungeon (10/16)            Temple (1/1) D:7            Lair (0/8) D:8
    Orc: D:9-12

Altars:
Ashenzari
Cheibriados
Dithmengos
Elyvilon
Fedhas
Kikubaaqudgha
Nemelex Xobeh
Okawaru
Sif Muna
Trog
Xom
Yredelemnul


Innate Abilities, Weirdness & Mutations

You are too large for most types of armour.
You have a fast metabolism.
You can tolerate rotten meat.
You have tough skin (AC +1).
You possess an exceptional clarity of mind.


Message History

The troll barely misses you.
You thump the troll!
The troll is heavily wounded.
The iguana bites you! The troll misses you. The troll barely misses you.
The troll barely misses you.
You thump the troll!
The troll is almost dead.
The iguana misses you. The troll closely misses you.
The troll barely misses you. The troll claws you!
* * * LOW HITPOINT WARNING * * *
You barely miss the troll.
The troll is almost dead.
The iguana misses you. The troll bites you.
* * * LOW HITPOINT WARNING * * *
The troll claws you but does no damage. The troll claws you!
* * * LOW HITPOINT WARNING * * *
You closely miss the troll.
The troll is almost dead.
The iguana misses you. The troll closely misses you. The troll claws you!
You die...

##+## .
#..l##.%...
#.@).'.....
#).T.'.....
#...##...P
##+##


P.P % You could see a troll and an iguana.

Vanquished Creatures
  A hill giant (D:10)
  Grinder (D:3)
  A blink frog (D:8)
  A basilisk (D:8)
  2 hill giant zombies
  7 yaks
  Eustachio (D:5)
  A hippogriff (D:9)
  A deep elf fighter (Bailey)
  The ghost of Yermak the Covert, an average SpAs (Ossuary)
  Edmund (D:5)
  A manticore (D:9)
  Menkaure (D:4)
  An orc warrior (D:8)
  A yellow wasp (D:9)
  3 sky beasts
  A deep dwarf (D:10)
  5 ogres
  Sigmund (D:3)
  3 centaurs
  5 giant frogs
  A manticore zombie (D:6)
  A hippogriff zombie (D:8)
  An eye of draining (D:9)
  6 killer bees (D:7)
  2 goliath beetles
  2 centaur zombies (Ossuary)
  A giant frog zombie (D:8)
  6 crimson imps
  A hound (D:8)
  5 orc priests
  2 human zombies (Ossuary)
  A jelly (D:9)
  6 worker ants
  7 scorpions
  4 iguanas
  8 orc wizards
  An ogre zombie (D:7)
  Ijyb (D:5)
  A hound zombie (D:7)
  Terence (D:2)
  3 mummies (Ossuary)
  4 gnolls (D:4)
  8 adders
  A giant centipede (D:9)
  2 giant mites
  3 worms
  A goliath beetle zombie (D:8)
  An inept feature mimic (D:2)
  2 iguana skeletons
  An adder skeleton (D:5)
  A grey rat (D:5)
  2 giant eyeballs
  An ooze (D:7)
  27 orcs
  3 ball pythons
  6 giant cockroaches
  18 hobgoblins
  4 jackals
  11 kobolds
  4 quokkas
  15 bats
  3 giant geckos
  A giant gecko zombie (D:7)
  11 giant newts
  11 goblins
  A goblin zombie (D:5)
  A hobgoblin zombie (D:5)
  3 kobold zombies
  2 orc zombies (Ossuary)
  14 rats
263 creatures vanquished.

Vanquished Creatures (others)
  A hippogriff (D:10)
  An ogre (D:10)
  A giant spore (D:10)
  A ballistomycete (D:10)
4 creatures vanquished.

Grand Total: 267 creatures vanquished

Notes
Turn   | Place    | Note
--------------------------------------------------------------
     0 | D:1      | ReteAZ, the Ogre Hunter, began the quest for the Orb.
     0 | D:1      | Reached XP level 1. HP: 22/22 MP: 1/1
   141 | D:1      | Reached XP level 2. HP: 14/29 MP: 2/2
   727 | D:2      | Reached XP level 3. HP: 32/36 MP: 3/3
  1017 | D:2      | Noticed Terence
  1020 | D:2      | Killed Terence
  1020 | D:2      | Reached skill level 5 in Maces & Flails
  1020 | D:2      | Reached XP level 4. HP: 30/44 MP: 4/4
  1588 | D:3      | Noticed Sigmund
  1599 | D:3      | Killed Sigmund
  1599 | D:3      | Reached skill level 6 in Maces & Flails
  1599 | D:3      | Reached XP level 5. HP: 48/50 MP: 5/5
  1695 | D:3      | Noticed Grinder
  1705 | D:3      | Killed Grinder
  1705 | D:3      | Reached skill level 8 in Maces & Flails
  1705 | D:3      | Reached XP level 6. HP: 28/59 MP: 6/6
  1870 | D:3      | Reached skill level 9 in Maces & Flails
  1938 | D:3      | Reached XP level 7. HP: 14/66 MP: 7/7
  2513 | D:4      | Noticed Menkaure
  2517 | D:4      | Killed Menkaure
  2619 | D:4      | Reached skill level 10 in Maces & Flails
  3476 | D:5      | Entered Level 5 of the Dungeon
  3542 | D:5      | Noticed Edmund
  3561 | D:5      | Killed Edmund
  3561 | D:5      | Reached XP level 8. HP: 34/74 MP: 8/8
  3629 | D:5      | Noticed Ijyb
  3642 | D:5      | Killed Ijyb
  3973 | D:5      | Noticed Eustachio
  3982 | D:5      | Killed Eustachio
  3982 | D:5      | Reached skill level 5 in Dodging
  4076 | D:5      | Reached skill level 11 in Maces & Flails
  4611 | D:6      | Reached XP level 9. HP: 80/80 MP: 9/9
  4637 | D:6      | Reached skill level 12 in Maces & Flails
  4748 | D:6      | Got a fine cloak
  4752 | D:6      | Identified the +2 cloak of the Lonely Nights {+Inv rN+} (You found it on level 6 of the Dungeon)
  4984 | D:7      | Reached skill level 13 in Maces & Flails
  4990 | D:7      | HP: 2/80 [killer bee (8)]
  5175 | D:7      | Found a staircase to the Ecumenical Temple.
  5302 | D:7      | Found a sand-covered staircase.
  5306 | Ossuary  | Entered an ossuary
  5400 | Ossuary  | Noticed Yermak's ghost (average SpAs)
  5407 | Ossuary  | Killed Yermak's ghost
  5468 | Ossuary  | Reached skill level 14 in Maces & Flails
  5774 | D:7      | Found a flagged portal.
  5781 | Bailey   | Entered a bailey
  5803 | Bailey   | Noticed a deep elf priest
  6098 | D:7      | Found a sparkling altar of Nemelex Xobeh.
  6104 | D:7      | Found a bloodstained altar of Trog.
  6171 | Temple   | Entered the Ecumenical Temple
  6190 | Temple   | Became a worshipper of Dithmengos
  6367 | D:8      | Reached XP level 10. HP: 74/88 MP: 10/10
  6377 | D:8      | Found a staircase to the Lair.
  6410 | D:8      | Reached skill level 15 in Maces & Flails
  6980 | D:8      | Found a blossoming altar of Fedhas.
  6980 | D:8      | Found a basalt altar of Yredelemnul.
  7019 | D:8      | Reached skill level 16 in Maces & Flails
  7319 | D:9      | Reached skill level 5 in Fighting
  7374 | D:9      | Gained mutation: You possess an exceptional clarity of mind. [potion of beneficial mutation]
  7650 | D:9      | Acquired Dithmengos' first power
  8205 | D:10     | Entered Level 10 of the Dungeon
  8246 | D:10     | Reached XP level 11. HP: 20/109 MP: 11/11
  8538 | D:10     | Noticed a hill giant
  8551 | D:10     | Killed a hill giant
  8556 | D:10     | Slain by a troll

Action                   |  1- 3 |  4- 6 |  7- 9 | 10-12 || total
-------------------------+-------+-------+-------+-------++-------
Melee: Club              |    95 |    84 |   259 |       ||   438
       Giant club        |       |       |   147 |    27 ||   174
       Giant spiked club |       |       |       |   163 ||   163
       Flail             |       |       |       |     1 ||     1
Throw: Large rock        |     3 |     5 |    40 |    14 ||    62
       Throwing net      |       |       |     2 |     3 ||     5
Evoke: Wand              |       |       |       |     8 ||     8
  Use: Scroll            |     6 |     3 |    13 |     2 ||    24
       Potion            |       |     5 |     2 |     2 ||     9
 Stab: Sleeping          |       |     2 |       |     4 ||     6
       Distracted        |       |       |     3 |       ||     3
